2648 views
Uploaded 2020-02-23 16:19:15
Game version 1.32 / 1.32.1
27:46 long 3on3 ladder game on (8)Mur'gulOasis_LV
Saved by iggythefisk
2648 views
Uploaded 2020-02-23 16:19:15
Game version 1.32 / 1.32.1
27:46 long 3on3 ladder game on (8)Mur'gulOasis_LV


67 units @ 6.6k
/ 0.3k
259 buildings @ 15.2k
/ 6.9k



| Scroll of Regeneration | 2 | 200 |
| Staff of Sanctuary | 3 | 750 |
| Staff of Teleportation | 3 | 450 |
| Boots of Speed | 3 | 750 |
| Periapt of Vitality | 2 | 650 |
| Orb of Corruption | 3 | 1125 |
| total: | 16 | 3925g |
| Peasant | 29 | 2175 | / | 0 |
| Priest | 1 | 135 | / | 10 |
| total: | 30 | 2310g | / | 10w |
| Scout Tower | 157 | 4710 | / | 3140 |
| Arcane Tower | 2 | 140 | / | 100 |
| Guard Tower | 77 | 5390 | / | 3850 |
| Altar of Kings | 1 | 180 | / | 50 |
| Farm | 4 | 320 | / | 80 |
| Lumber Mill | 1 | 120 | / | 0 |
| Arcane Vault | 2 | 260 | / | 60 |
| Town Hall | 1 | 385 | / | 205 |
| Arcane Sanctum | 1 | 150 | / | 140 |
| Keep | 1 | 320 | / | 210 |
| Castle | 1 | 360 | / | 210 |
| total: | 167 | 6125g | / | 3675w |
| 0:00 | Peasant |
| 0:04 | Altar of Kings |
| 0:08 | Peasant |
| 0:20 | Peasant |
| 0:31 | Farm |
| 0:34 | Peasant |
| 0:47 | Peasant |
| 1:05 | Peasant |
| 1:07 | Lumber Mill |
| 1:14 | Scout Tower |
| 1:18 | Peasant |
| 1:21 | Scout Tower |
| 1:33 | Peasant |
| 1:36 | Scout Tower |
| 1:39 | Scout Tower |
| 1:46 | Farm |
| 1:48 | Arcane Tower |
| 1:56 | Scout Tower |
| 1:58 | Peasant |
| 2:10 | Arcane Tower |
| 2:14 | Peasant |
| 2:25 | Guard Tower |
| 2:40 | Guard Tower |
| 2:45 | Peasant |
| 2:54 | Blizzard |
| 3:24 | Scout Tower |
| 3:25 | Scout Tower |
| 3:28 | Guard Tower |
| 3:29 | Scout Tower |
| 3:30 | Scout Tower |
| 3:31 | Peasant |
| 3:33 | Peasant |
| 3:47 | Scout Tower |
| 3:48 | Scout Tower |
| 3:50 | Scout Tower |
| 3:50 | Scout Tower |
| 3:51 | Guard Tower |
| 3:52 | Scout Tower |
| 3:53 | Scout Tower |
| 3:54 | Peasant |
| 3:56 | Farm |
| 3:59 | Improved Masonry |
| 4:06 | Guard Tower |
| 4:16 | Arcane Vault |
| 4:22 | Guard Tower |
| 4:23 | Guard Tower |
| 4:33 | Peasant |
| 4:39 | Scout Tower |
| 4:41 | Scout Tower |
| 4:44 | Guard Tower |
| 4:47 | Scout Tower |
| 4:59 | Guard Tower |
| 5:00 | Scout Tower |
| 5:13 | Guard Tower |
| 5:17 | Guard Tower |
| 5:18 | Scout Tower |
| 5:18 | Scout Tower |
| 5:19 | Scout Tower |
| 5:26 | Scout Tower |
| 5:27 | Scout Tower |
| 5:30 | Brilliance Aura |
| 5:40 | Scout Tower |
| 5:40 | Scout Tower |
| 5:41 | Scout Tower |
| 5:42 | Guard Tower |
| 6:14 | Guard Tower |
| 6:15 | Scout Tower |
| 6:16 | Scout Tower |
| 6:17 | Guard Tower |
| 6:18 | Keep |
| 6:28 | Guard Tower |
| 6:37 | Scout Tower |
| 6:38 | Scout Tower |
| 6:49 | Guard Tower |
| 7:12 | Blizzard |
| 7:27 | Guard Tower |
| 7:27 | Guard Tower |
| 7:29 | Guard Tower |
| 7:30 | Guard Tower |
| 7:33 | Scout Tower |
| 7:34 | Scout Tower |
| 7:34 | Scout Tower |
| 7:35 | Scout Tower |
| 7:36 | Scout Tower |
| 7:39 | Guard Tower |
| 7:51 | Guard Tower |
| 7:52 | Guard Tower |
| 7:53 | Guard Tower |
| 7:56 | Scout Tower |
| 7:57 | Scout Tower |
| 7:57 | Scout Tower |
| 8:38 | Town Hall |
| 8:46 | Peasant |
| 8:46 | Peasant |
| 8:56 | Guard Tower |
| 9:00 | Improved Lumber Harvesting |
| 9:05 | Scroll of Regeneration |
| 9:07 | Scroll of Regeneration |
| 9:12 | Guard Tower |
| 9:21 | Staff of Teleportation |
| 9:22 | Boots of Speed |
| 9:41 | Guard Tower |
| 9:43 | Scout Tower |
| 9:46 | Peasant |
| 10:22 | Guard Tower |
| 10:22 | Scout Tower |
| 10:23 | Scout Tower |
| 10:23 | Scout Tower |
| 10:23 | Scout Tower |
| 10:39 | Arcane Vault |
| 10:42 | Peasant |
| 10:42 | Peasant |
| 11:15 | Guard Tower |
| 11:16 | Scout Tower |
| 11:18 | Advanced Masonry |
| 11:20 | Peasant |
| 11:21 | Peasant |
| 12:06 | Guard Tower |
| 12:09 | Brilliance Aura |
| 12:14 | Scout Tower |
| 12:14 | Scout Tower |
| 12:14 | Scout Tower |
| 12:15 | Scout Tower |
| 12:17 | Arcane Sanctum |
| 12:19 | Castle |
| 12:22 | Storm Bolt |
| 13:00 | Guard Tower |
| 13:03 | Scout Tower |
| 13:03 | Scout Tower |
| 13:03 | Scout Tower |
| 13:04 | Scout Tower |
| 13:05 | Scout Tower |
| 13:10 | Peasant |
| 13:10 | Peasant |
| 13:12 | Guard Tower |
| 13:27 | Peasant |
| 13:27 | Peasant |
| 13:42 | Guard Tower |
| 13:43 | Guard Tower |
| 13:44 | Guard Tower |
| 13:52 | Scout Tower |
| 13:59 | Magic Sentry |
| 14:00 | Scout Tower |
| 14:03 | Peasant |
| 14:15 | Guard Tower |
| 14:16 | Guard Tower |
| 14:23 | Scout Tower |
| 14:29 | Peasant |
| 14:31 | Farm |
| 14:32 | Guard Tower |
| 14:33 | Scout Tower |
| 14:34 | Scout Tower |
| 14:42 | Staff of Teleportation |
| 14:42 | Boots of Speed |
| 14:49 | Orb of Corruption |
| 14:54 | Staff of Sanctuary |
| 14:58 | Orb of Corruption |
| 15:04 | Guard Tower |
| 15:06 | Scout Tower |
| 15:06 | Scout Tower |
| 15:07 | Scout Tower |
| 15:08 | Scout Tower |
| 15:13 | Guard Tower |
| 15:14 | Peasant |
| 15:16 | Imbued Masonry |
| 15:42 | Scout Tower |
| 15:43 | Scout Tower |
| 16:14 | Guard Tower |
| 16:20 | Scout Tower |
| 16:33 | Bash |
| 16:42 | Holy Light |
| 16:57 | Guard Tower |
| 16:58 | Scout Tower |
| 18:41 | Staff of Teleportation |
| 18:42 | Boots of Speed |
| 18:45 | Guard Tower |
| 18:48 | Scout Tower |
| 18:49 | Scout Tower |
| 18:49 | Scout Tower |
| 18:49 | Scout Tower |
| 18:51 | Guard Tower |
| 19:03 | Orb of Corruption |
| 19:31 | Guard Tower |
| 19:35 | Scout Tower |
| 19:35 | Scout Tower |
| 19:48 | Scout Tower |
| 19:49 | Scout Tower |
| 19:50 | Scout Tower |
| 19:50 | Scout Tower |
| 19:52 | Scout Tower |
| 19:53 | Scout Tower |
| 19:53 | Scout Tower |
| 20:00 | Staff of Sanctuary |
| 20:08 | Guard Tower |
| 20:17 | Periapt of Vitality |
| 20:22 | Scout Tower |
| 20:22 | Scout Tower |
| 20:23 | Scout Tower |
| 20:24 | Scout Tower |
| 20:25 | Scout Tower |
| 20:28 | Guard Tower |
| 20:28 | Scout Tower |
| 20:38 | Guard Tower |
| 20:39 | Scout Tower |
| 20:39 | Scout Tower |
| 20:40 | Scout Tower |
| 20:44 | Scout Tower |
| 20:44 | Scout Tower |
| 20:45 | Scout Tower |
| 20:45 | Scout Tower |
| 20:45 | Scout Tower |
| 21:03 | Guard Tower |
| 21:04 | Scout Tower |
| 21:04 | Scout Tower |
| 21:04 | Scout Tower |
| 21:05 | Scout Tower |
| 21:05 | Scout Tower |
| 21:43 | Staff of Sanctuary |
| 21:50 | Scout Tower |
| 21:51 | Scout Tower |
| 21:51 | Scout Tower |
| 21:53 | Guard Tower |
| 21:54 | Scout Tower |
| 21:54 | Scout Tower |
| 21:55 | Scout Tower |
| 21:55 | Scout Tower |
| 21:57 | Guard Tower |
| 21:59 | Scout Tower |
| 22:00 | Scout Tower |
| 22:00 | Scout Tower |
| 22:00 | Scout Tower |
| 22:01 | Scout Tower |
| 22:01 | Scout Tower |
| 22:02 | Scout Tower |
| 22:02 | Scout Tower |
| 22:30 | Guard Tower |
| 22:32 | Scout Tower |
| 22:32 | Scout Tower |
| 22:34 | Scout Tower |
| 22:34 | Scout Tower |
| 22:36 | Guard Tower |
| 22:38 | Scout Tower |
| 22:38 | Scout Tower |
| 22:39 | Scout Tower |
| 22:39 | Scout Tower |
| 22:40 | Scout Tower |
| 22:48 | Scout Tower |
| 22:48 | Scout Tower |
| 22:49 | Scout Tower |
| 22:49 | Scout Tower |
| 23:02 | Guard Tower |
| 23:02 | Guard Tower |
| 23:03 | Guard Tower |
| 23:05 | Scout Tower |
| 23:05 | Scout Tower |
| 23:08 | Scout Tower |
| 23:09 | Scout Tower |
| 23:09 | Guard Tower |
| 23:13 | Guard Tower |
| 23:14 | Guard Tower |
| 23:16 | Scout Tower |
| 23:17 | Scout Tower |
| 23:17 | Scout Tower |
| 23:18 | Scout Tower |
| 23:53 | Storm Bolt |
| 24:20 | Guard Tower |
| 24:21 | Scout Tower |
| 24:28 | Guard Tower |
| 24:29 | Scout Tower |
| 24:29 | Scout Tower |
| 24:30 | Scout Tower |
| 24:30 | Scout Tower |
| 24:32 | Guard Tower |
| 24:33 | Scout Tower |
| 24:34 | Scout Tower |
| 24:34 | Scout Tower |
| 24:34 | Scout Tower |
| 24:35 | Guard Tower |
| 24:42 | Priest |
| 24:58 | Guard Tower |
| 25:00 | Scout Tower |
| 25:01 | Scout Tower |
| 25:02 | Scout Tower |
| 25:02 | Scout Tower |
| 25:03 | Scout Tower |
| 25:03 | Scout Tower |
| 25:05 | Guard Tower |
| 25:09 | Periapt of Vitality |
| 26:00 | Guard Tower |
| 26:04 | Scout Tower |
| 26:04 | Scout Tower |
| 26:05 | Scout Tower |
| 26:07 | Guard Tower |
| 26:10 | Guard Tower |
| 26:12 | Scout Tower |
| 26:12 | Scout Tower |
| 26:13 | Scout Tower |
| 26:14 | Scout Tower |
| 26:23 | Guard Tower |
| 26:42 | Guard Tower |
| 27:01 | Guard Tower |
| 27:05 | Guard Tower |
| 27:08 | Guard Tower |
| 27:35 | Divine Shield |
| 27:39 | Blizzard |
| Right click | 1835 |
| Select | 860 |
| Select group | 356 |
| Build/train/purchase | 172 |
| Assign group | 102 |
| Use ability | 70 |
| Misc. action | 17 |
| Chat | 15 |
| Minimap ping | 11 |
| Item give/drop | 3 |



| Scroll of Regeneration | 2 | 200 |
| Staff of Sanctuary | 3 | 750 |
| Boots of Speed | 3 | 750 |
| Staff of Teleportation | 3 | 450 |
| Circlet of Nobility | 1 | 175 |
| Orb of Corruption | 3 | 1125 |
| total: | 15 | 3450g |
| Peasant | 13 | 975 | / | 0 |
| Priest | 2 | 270 | / | 20 |
| Dragonhawk Rider | 5 | 1000 | / | 150 |
| total: | 20 | 2245g | / | 170w |
| Scout Tower | 38 | 1140 | / | 760 |
| Arcane Tower | 4 | 280 | / | 200 |
| Guard Tower | 21 | 1470 | / | 1050 |
| Altar of Kings | 1 | 180 | / | 50 |
| Lumber Mill | 1 | 120 | / | 0 |
| Farm | 7 | 560 | / | 140 |
| Arcane Vault | 2 | 260 | / | 60 |
| Barracks | 1 | 160 | / | 60 |
| Blacksmith | 1 | 140 | / | 60 |
| Arcane Sanctum | 1 | 150 | / | 140 |
| Gryphon Aviary | 1 | 140 | / | 150 |
| Keep | 1 | 320 | / | 210 |
| Castle | 1 | 360 | / | 210 |
| total: | 53 | 2850g | / | 1420w |
| 0:05 | Peasant |
| 0:06 | Altar of Kings |
| 0:15 | Peasant |
| 0:28 | Peasant |
| 0:30 | Lumber Mill |
| 0:36 | Farm |
| 0:39 | Peasant |
| 0:51 | Peasant |
| 1:01 | Farm |
| 1:06 | Peasant |
| 1:17 | Scout Tower |
| 1:20 | Peasant |
| 1:31 | Peasant |
| 1:36 | Improved Masonry |
| 1:42 | Scout Tower |
| 1:43 | Arcane Tower |
| 1:54 | Scout Tower |
| 1:58 | Peasant |
| 2:06 | Scout Tower |
| 2:11 | Blizzard |
| 2:16 | Peasant |
| 2:21 | Arcane Tower |
| 2:25 | Guard Tower |
| 2:39 | Guard Tower |
| 2:41 | Scout Tower |
| 2:43 | Peasant |
| 2:43 | Peasant |
| 2:50 | Arcane Vault |
| 3:01 | Peasant |
| 3:29 | Scout Tower |
| 3:31 | Scout Tower |
| 3:32 | Scout Tower |
| 3:44 | Keep |
| 3:49 | Guard Tower |
| 3:53 | Scout Tower |
| 4:07 | Scout Tower |
| 4:15 | Brilliance Aura |
| 4:46 | Guard Tower |
| 4:48 | Scout Tower |
| 4:49 | Scout Tower |
| 4:50 | Guard Tower |
| 4:51 | Scout Tower |
| 5:17 | Farm |
| 5:19 | Guard Tower |
| 5:25 | Arcane Vault |
| 5:27 | Guard Tower |
| 5:41 | Guard Tower |
| 5:43 | Scout Tower |
| 5:44 | Scout Tower |
| 6:12 | Guard Tower |
| 6:41 | Guard Tower |
| 6:43 | Scout Tower |
| 6:46 | Boots of Speed |
| 6:54 | Scout Tower |
| 7:04 | Storm Bolt |
| 7:13 | Scroll of Regeneration |
| 7:16 | Guard Tower |
| 7:30 | Castle |
| 7:35 | Scout Tower |
| 7:36 | Arcane Tower |
| 7:40 | Scout Tower |
| 8:02 | Arcane Tower |
| 8:03 | Advanced Masonry |
| 8:39 | Improved Lumber Harvesting |
| 8:45 | Scout Tower |
| 8:45 | Scout Tower |
| 8:46 | Scout Tower |
| 8:59 | Boots of Speed |
| 9:14 | Blizzard |
| 9:46 | Bash |
| 10:24 | Farm |
| 10:24 | Imbued Masonry |
| 10:25 | Arcane Sanctum |
| 10:31 | Guard Tower |
| 10:32 | Scroll of Regeneration |
| 10:33 | Staff of Sanctuary |
| 10:37 | Staff of Sanctuary |
| 10:46 | Scout Tower |
| 10:47 | Scout Tower |
| 10:47 | Scout Tower |
| 10:49 | Orb of Corruption |
| 10:57 | Scout Tower |
| 11:43 | Guard Tower |
| 11:46 | Magic Sentry |
| 12:12 | Guard Tower |
| 12:19 | Scout Tower |
| 12:20 | Scout Tower |
| 12:24 | Holy Light |
| 12:46 | Priest Adept Training |
| 12:46 | Priest |
| 12:57 | Boots of Speed |
| 12:58 | Staff of Teleportation |
| 12:58 | Circlet of Nobility |
| 13:07 | Orb of Corruption |
| 13:14 | Guard Tower |
| 13:24 | Guard Tower |
| 13:27 | Scout Tower |
| 13:33 | Scout Tower |
| 13:34 | Scout Tower |
| 13:36 | Scout Tower |
| 13:36 | Scout Tower |
| 13:56 | Storm Bolt |
| 14:11 | Guard Tower |
| 14:14 | Guard Tower |
| 14:30 | Guard Tower |
| 14:32 | Scout Tower |
| 14:41 | Guard Tower |
| 14:55 | Priest |
| 15:09 | Guard Tower |
| 15:14 | Scout Tower |
| 15:18 | Gryphon Aviary |
| 15:27 | Barracks |
| 15:31 | Blacksmith |
| 15:54 | Staff of Sanctuary |
| 15:59 | Staff of Teleportation |
| 16:24 | Orb of Corruption |
| 17:22 | Animal War Training |
| 17:35 | Divine Shield |
| 18:48 | Brilliance Aura |
| 18:54 | Iron Forged Swords |
| 18:55 | Studded Leather Armor |
| 18:56 | Farm |
| 18:57 | Farm |
| 20:35 | Steel Forged Swords |
| 20:38 | Dragonhawk Rider |
| 20:48 | Staff of Teleportation |
| 22:47 | Dragonhawk Rider |
| 22:47 | Dragonhawk Rider |
| 22:50 | Mithril Forged Swords |
| 22:50 | Reinforced Leather Armor |
| 24:44 | Dragonhawk Rider |
| 24:46 | Farm |
| 25:29 | Dragonhawk Rider |
| 27:08 | Scout Tower |
| 27:08 | Scout Tower |
| 27:09 | Scout Tower |
| 27:33 | Holy Light |
| 27:38 | Bash |
| Right click | 1725 |
| Select group | 1052 |
| Assign group | 405 |
| Select | 348 |
| Build/train/purchase | 162 |
| Use ability | 121 |
| Chat | 109 |
| Misc. action | 25 |
| Resource trade | 8 |
| Item give/drop | 3 |
| Minimap ping | 1 |



| Orb of Corruption | 3 | 1125 |
| Circlet of Nobility | 4 | 700 |
| Staff of Teleportation | 3 | 450 |
| Boots of Speed | 3 | 750 |
| Periapt of Vitality | 1 | 325 |
| Staff of Sanctuary | 2 | 500 |
| total: | 16 | 3850g |
| Acolyte | 8 | 600 | / | 0 |
| Ghoul | 5 | 600 | / | 0 |
| Obsidian Statue | 4 | 800 | / | 140 |
| total: | 17 | 2000g | / | 140w |
| Spirit Tower | 7 | 1015 | / | 280 |
| Nerubian Tower | 2 | 200 | / | 40 |
| Crypt | 1 | 200 | / | 50 |
| Altar of Darkness | 1 | 180 | / | 50 |
| Ziggurat | 26 | 3900 | / | 1300 |
| Graveyard | 2 | 430 | / | 0 |
| Necropolis | 4 | 900 | / | 0 |
| Tomb of Relics | 3 | 390 | / | 90 |
| Slaughterhouse | 1 | 140 | / | 135 |
| Sacrificial Pit | 1 | 75 | / | 150 |
| Halls of the Dead | 1 | 320 | / | 210 |
| Black Citadel | 1 | 325 | / | 230 |
| total: | 39 | 6215g | / | 1775w |
| 0:03 | Acolyte |
| 0:06 | Crypt |
| 0:10 | Altar of Darkness |
| 0:14 | Acolyte |
| 0:32 | Ziggurat |
| 0:56 | Graveyard |
| 1:09 | Ghoul |
| 1:26 | Ghoul |
| 1:35 | Ghoul |
| 1:40 | Acolyte |
| 1:55 | Ziggurat |
| 2:20 | Death Coil |
| 2:46 | Ghoul |
| 2:46 | Ghoul |
| 3:14 | Halls of the Dead |
| 3:49 | Necropolis |
| 3:55 | Necropolis |
| 4:51 | Unholy Aura |
| 4:54 | Necropolis |
| 5:06 | Circlet of Nobility |
| 5:07 | Staff of Teleportation |
| 5:07 | Boots of Speed |
| 6:08 | Black Citadel |
| 6:35 | Frost Nova |
| 6:37 | Death Coil |
| 6:41 | Tomb of Relics |
| 6:51 | Tomb of Relics |
| 7:23 | Staff of Teleportation |
| 7:23 | Boots of Speed |
| 7:31 | Tomb of Relics |
| 7:36 | Slaughterhouse |
| 7:38 | Spirit Tower |
| 8:35 | Frost Armor |
| 8:43 | Orb of Corruption |
| 8:52 | Obsidian Statue |
| 9:17 | Obsidian Statue |
| 10:02 | Carrion Swarm |
| 10:33 | Orb of Corruption |
| 12:02 | Unholy Aura |
| 12:10 | Vampiric Aura |
| 12:34 | Frost Nova |
| 13:20 | Necropolis |
| 13:29 | Circlet of Nobility |
| 13:30 | Staff of Teleportation |
| 13:30 | Boots of Speed |
| 13:35 | Periapt of Vitality |
| 14:05 | Ziggurat |
| 14:06 | Ziggurat |
| 14:07 | Ziggurat |
| 14:07 | Ziggurat |
| 14:31 | Ziggurat |
| 14:32 | Ziggurat |
| 14:33 | Ziggurat |
| 14:34 | Ziggurat |
| 14:58 | Staff of Sanctuary |
| 15:00 | Spirit Tower |
| 15:08 | Spirit Tower |
| 15:23 | Graveyard |
| 15:55 | Carrion Swarm |
| 17:09 | Ziggurat |
| 18:05 | Staff of Sanctuary |
| 18:18 | Spirit Tower |
| 18:20 | Nerubian Tower |
| 19:47 | Circlet of Nobility |
| 19:53 | Spirit Tower |
| 19:55 | Orb of Corruption |
| 20:09 | Circlet of Nobility |
| 20:35 | Frost Armor |
| 21:55 | Acolyte |
| 21:56 | Acolyte |
| 21:56 | Acolyte |
| 21:57 | Acolyte |
| 22:40 | Ziggurat |
| 22:41 | Ziggurat |
| 22:44 | Ziggurat |
| 22:45 | Ziggurat |
| 22:46 | Ziggurat |
| 22:47 | Ziggurat |
| 23:30 | Acolyte |
| 23:33 | Spirit Tower |
| 23:54 | Sacrificial Pit |
| 24:05 | Death Coil |
| 24:21 | Nerubian Tower |
| 24:22 | Spirit Tower |
| 25:35 | Ziggurat |
| 25:37 | Ziggurat |
| 25:38 | Ziggurat |
| 25:40 | Ziggurat |
| 25:43 | Ziggurat |
| 26:03 | Ziggurat |
| 26:04 | Ziggurat |
| 26:06 | Ziggurat |
| 26:09 | Ziggurat |
| 27:39 | Obsidian Statue |
| 27:39 | Obsidian Statue |
| Right click | 1981 |
| Select group | 1507 |
| Select | 210 |
| Use ability | 108 |
| Build/train/purchase | 98 |
| Resource trade | 92 |
| Chat | 66 |
| Misc. action | 44 |
| Minimap ping | 22 |
| Item give/drop | 11 |
| Assign group | 10 |
| Esc | 1 |
132 units @ 19.8k
/ 3.7k
56 buildings @ 8.2k
/ 3.8k



| Wisp | 20 | 1200 | / | 0 |
| Archer | 7 | 910 | / | 70 |
| Glaive Thrower | 5 | 1050 | / | 325 |
| Dryad | 8 | 1160 | / | 480 |
| Druid of the Claw | 5 | 1275 | / | 400 |
| Chimaera | 6 | 1980 | / | 420 |
| total: | 51 | 7575g | / | 1695w |
| Altar of Elders | 1 | 180 | / | 50 |
| Moon Well | 8 | 1440 | / | 320 |
| Ancient of War | 1 | 150 | / | 60 |
| Ancient of Wonders | 1 | 90 | / | 30 |
| Hunter's Hall | 1 | 210 | / | 100 |
| Tree of Life | 1 | 340 | / | 185 |
| Ancient of Lore | 2 | 310 | / | 290 |
| Chimaera Roost | 2 | 280 | / | 380 |
| Tree of Ages | 1 | 320 | / | 180 |
| Tree of Eternity | 1 | 330 | / | 200 |
| total: | 17 | 3000g | / | 1415w |
| 0:03 | Wisp |
| 0:03 | Wisp |
| 0:03 | Wisp |
| 0:04 | Wisp |
| 0:04 | Wisp |
| 0:24 | Altar of Elders |
| 0:28 | Moon Well |
| 0:49 | Ancient of War |
| 0:56 | Wisp |
| 1:08 | Wisp |
| 1:36 | Moon Well |
| 1:39 | Wisp |
| 2:02 | Archer |
| 2:03 | Archer |
| 2:33 | Moon Well |
| 2:35 | Wisp |
| 2:37 | Wisp |
| 2:42 | Black Arrow |
| 2:44 | Archer |
| 3:31 | Archer |
| 3:37 | Moon Well |
| 3:52 | Archer |
| 4:03 | Tree of Ages |
| 4:16 | Archer |
| 4:35 | Moon Well |
| 4:55 | Ancient of Wonders |
| 5:14 | Archer |
| 5:17 | Hunter's Hall |
| 5:33 | Moon Well |
| 5:41 | Life Drain |
| 6:08 | Black Arrow |
| 6:23 | Glaive Thrower |
| 6:31 | Ancient of Lore |
| 6:34 | Ancient of Lore |
| 6:56 | Glaive Thrower |
| 6:58 | Strength of the Wild |
| 6:58 | Reinforced Hides |
| 7:32 | Vorpal Blades |
| 7:46 | Abolish Magic |
| 7:47 | Druid of the Claw Adept Training |
| 7:50 | Wisp |
| 7:50 | Wisp |
| 7:56 | Life Drain |
| 8:01 | Glaive Thrower |
| 8:30 | Dryad |
| 8:30 | Dryad |
| 9:14 | Druid of the Claw |
| 10:27 | Druid of the Claw |
| 10:28 | Tree of Eternity |
| 10:50 | Dryad |
| 11:19 | Druid of the Claw |
| 11:26 | Improved Reinforced Hides |
| 11:57 | Dryad |
| 12:17 | Trueshot Aura |
| 12:51 | Druid of the Claw Master Training |
| 12:52 | Dryad |
| 12:53 | Druid of the Claw |
| 13:28 | Dryad |
| 14:13 | Mark of the Claw |
| 14:15 | Druid of the Claw |
| 14:41 | Wisp |
| 14:41 | Wisp |
| 14:47 | Moon Well |
| 16:36 | Glaive Thrower |
| 16:36 | Glaive Thrower |
| 17:15 | Chimaera Roost |
| 17:16 | Chimaera Roost |
| 17:24 | Tree of Life |
| 18:57 | Corrosive Breath |
| 18:58 | Improved Strength of the Wild |
| 19:04 | Moon Well |
| 19:06 | Advanced Reinforced Hides |
| 19:11 | Entangling Roots |
| 19:25 | Wisp |
| 19:25 | Wisp |
| 19:26 | Wisp |
| 19:55 | Chimaera |
| 20:22 | Wisp |
| 20:22 | Wisp |
| 20:31 | Chimaera |
| 21:49 | Chimaera |
| 22:23 | Dryad |
| 22:26 | Chimaera |
| 22:39 | Searing Arrows |
| 22:50 | Wisp |
| 22:56 | Advanced Strength of the Wild |
| 24:24 | Chimaera |
| 25:26 | Chimaera |
| 25:31 | Dryad |
| Right click | 1022 |
| Select | 692 |
| Select group | 288 |
| Build/train/purchase | 86 |
| Assign group | 37 |
| Minimap ping | 29 |
| Use ability | 16 |
| Item give/drop | 1 |
| Remove unit | 1 |


| Peasant | 13 | 975 | / | 0 |
| Rifleman | 12 | 2460 | / | 360 |
| Mortar Team | 8 | 1440 | / | 560 |
| total: | 33 | 4875g | / | 920w |
| Altar of Kings | 1 | 180 | / | 50 |
| Barracks | 2 | 320 | / | 120 |
| Farm | 15 | 1200 | / | 300 |
| Blacksmith | 1 | 140 | / | 60 |
| Lumber Mill | 1 | 120 | / | 0 |
| Workshop | 3 | 420 | / | 420 |
| Keep | 1 | 320 | / | 210 |
| Castle | 1 | 360 | / | 210 |
| total: | 23 | 2380g | / | 950w |
| 0:07 | Peasant |
| 0:19 | Peasant |
| 0:25 | Peasant |
| 0:31 | Altar of Kings |
| 0:34 | Barracks |
| 0:37 | Peasant |
| 0:56 | Farm |
| 0:58 | Peasant |
| 1:17 | Peasant |
| 1:33 | Blacksmith |
| 1:39 | Farm |
| 1:51 | Peasant |
| 2:15 | Peasant |
| 2:37 | Farm |
| 2:45 | Rifleman |
| 2:45 | Rifleman |
| 2:56 | Storm Bolt |
| 3:09 | Rifleman |
| 3:12 | Keep |
| 3:22 | Lumber Mill |
| 3:29 | Farm |
| 3:47 | Rifleman |
| 4:09 | Rifleman |
| 4:32 | Black Gunpowder |
| 4:58 | Bash |
| 5:11 | Rifleman |
| 5:13 | Studded Leather Armor |
| 5:19 | Farm |
| 6:00 | Farm |
| 6:01 | Farm |
| 6:04 | Long Rifles |
| 6:33 | Refined Gunpowder |
| 6:35 | Improved Lumber Harvesting |
| 6:57 | Holy Light |
| 7:03 | Workshop |
| 8:34 | Storm Bolt |
| 8:49 | Rifleman |
| 8:55 | Workshop |
| 8:57 | Flare |
| 9:05 | Divine Shield |
| 10:37 | Mortar Team |
| 10:41 | Barracks |
| 10:43 | Rifleman |
| 10:46 | Reinforced Leather Armor |
| 11:33 | Rifleman |
| 11:35 | Mortar Team |
| 11:38 | Rifleman |
| 12:05 | Mortar Team |
| 13:22 | Rifleman |
| 13:22 | Rifleman |
| 14:33 | Farm |
| 14:34 | Farm |
| 14:35 | Farm |
| 14:35 | Farm |
| 14:47 | Castle |
| 14:50 | Improved Masonry |
| 17:16 | Bash |
| 18:27 | Flying Machine Bombs |
| 18:28 | Flak Cannons |
| 18:52 | Peasant |
| 18:52 | Peasant |
| 19:52 | Peasant |
| 19:52 | Peasant |
| 19:52 | Peasant |
| 21:27 | Workshop |
| 21:37 | Farm |
| 22:21 | Advanced Lumber Harvesting |
| 22:24 | Mortar Team |
| 22:25 | Fragmentation Shards |
| 22:44 | Imbued Gunpowder |
| 22:54 | Dragonhide Armor |
| 23:16 | Mortar Team |
| 23:17 | Mortar Team |
| 23:18 | Mortar Team |
| 23:18 | Mortar Team |
| 23:31 | Farm |
| 23:34 | Farm |
| 23:35 | Farm |
| Right click | 517 |
| Select | 249 |
| Chat | 75 |
| Build/train/purchase | 61 |
| Use ability | 35 |
| Select group | 34 |
| Minimap ping | 20 |
| Assign group | 19 |
| Remove unit | 2 |


| Lesser Clarity Potion | 2 | 140 |
| Potion of Healing | 4 | 600 |
| Potion of Mana | 1 | 200 |
| Moonstone | 1 | 50 |
| Orb of Venom | 1 | 325 |
| Scroll of Town Portal | 2 | 700 |
| total: | 11 | 2015g |
| Wisp | 22 | 1320 | / | 0 |
| Archer | 9 | 1170 | / | 90 |
| Huntress | 4 | 780 | / | 80 |
| Hippogryph | 2 | 320 | / | 40 |
| Mountain Giant | 4 | 1400 | / | 400 |
| Chimaera | 7 | 2310 | / | 490 |
| total: | 48 | 7300g | / | 1100w |
| Altar of Elders | 1 | 180 | / | 50 |
| Moon Well | 6 | 1080 | / | 240 |
| Ancient of War | 1 | 150 | / | 60 |
| Ancient of Wonders | 1 | 90 | / | 30 |
| Hunter's Hall | 1 | 210 | / | 100 |
| Tree of Life | 1 | 340 | / | 185 |
| Ancient of Wind | 2 | 300 | / | 280 |
| Ancient of Lore | 1 | 155 | / | 145 |
| Chimaera Roost | 2 | 280 | / | 380 |
| Tree of Ages | 1 | 320 | / | 180 |
| Tree of Eternity | 1 | 330 | / | 200 |
| total: | 16 | 2785g | / | 1470w |
| 0:01 | Wisp |
| 0:01 | Wisp |
| 0:05 | Altar of Elders |
| 0:18 | Moon Well |
| 0:28 | Wisp |
| 0:30 | Ancient of War |
| 0:35 | Wisp |
| 0:53 | Wisp |
| 1:00 | Wisp |
| 1:23 | Moon Well |
| 1:31 | Archer |
| 1:37 | Wisp |
| 1:44 | Archer |
| 1:54 | Wisp |
| 2:03 | Wisp |
| 2:09 | Archer |
| 2:27 | Archer |
| 2:30 | Drunken Brawler |
| 2:39 | Wisp |
| 2:42 | Archer |
| 2:48 | Wisp |
| 3:18 | Tree of Ages |
| 3:39 | Moon Well |
| 4:08 | Drunken Haze |
| 4:16 | Ancient of Wonders |
| 4:21 | Moon Well |
| 4:22 | Moon Well |
| 4:56 | Hunter's Hall |
| 5:05 | Moon Well |
| 5:50 | Drunken Haze |
| 6:10 | Wisp |
| 6:10 | Wisp |
| 6:15 | Ancient of Wind |
| 6:16 | Ancient of Wind |
| 6:33 | Improved Bows |
| 6:36 | Moon Glaive |
| 6:37 | Huntress |
| 6:37 | Huntress |
| 6:40 | Lesser Clarity Potion |
| 6:53 | Nature's Blessing |
| 8:31 | Searing Arrows |
| 8:44 | Tree of Life |
| 8:52 | Hippogryph |
| 8:57 | Hippogryph |
| 10:00 | Archer |
| 10:01 | Archer |
| 10:01 | Archer |
| 10:01 | Archer |
| 10:41 | Strength of the Moon |
| 10:53 | Ancient of Lore |
| 10:55 | Tree of Eternity |
| 10:57 | Ultravision |
| 11:26 | Huntress |
| 11:27 | Huntress |
| 11:31 | Moon Armor |
| 11:36 | Wisp |
| 11:38 | Wisp |
| 11:52 | Wisp |
| 11:53 | Wisp |
| 11:57 | Wisp |
| 12:07 | Sentinel |
| 12:12 | Abolish Magic |
| 13:45 | Chimaera Roost |
| 13:47 | Chimaera Roost |
| 13:58 | Trueshot Aura |
| 14:01 | Drunken Brawler |
| 14:20 | Well Spring |
| 14:21 | Strength of the Wild |
| 14:21 | Reinforced Hides |
| 14:22 | Improved Moon Armor |
| 14:23 | Improved Strength of the Moon |
| 14:28 | Mountain Giant |
| 14:29 | Mountain Giant |
| 14:33 | Hardened Skin |
| 14:56 | Wisp |
| 14:57 | Wisp |
| 14:57 | Wisp |
| 15:00 | Resistant Skin |
| 15:38 | Chimaera |
| 16:25 | Corrosive Breath |
| 17:09 | Chimaera |
| 17:36 | Chimaera |
| 17:51 | Improved Reinforced Hides |
| 17:52 | Improved Strength of the Wild |
| 18:05 | Scroll of Town Portal |
| 18:07 | Potion of Healing |
| 18:10 | Potion of Healing |
| 18:10 | Potion of Mana |
| 18:50 | Lesser Clarity Potion |
| 18:51 | Scroll of Town Portal |
| 18:52 | Potion of Healing |
| 19:15 | Advanced Reinforced Hides |
| 22:34 | Chimaera |
| 22:35 | Chimaera |
| 22:41 | Mountain Giant |
| 22:56 | Advanced Strength of the Wild |
| 23:07 | Mountain Giant |
| 23:12 | Wisp |
| 23:40 | Chimaera |
| 23:42 | Chimaera |
| 25:24 | Moonstone |
| 25:28 | Orb of Venom |
| 25:31 | Potion of Healing |
| Right click | 838 |
| Select group | 346 |
| Select | 308 |
| Build/train/purchase | 106 |
| Assign group | 28 |
| Use ability | 25 |
| Misc. action | 4 |
| Minimap ping | 4 |
| Remove unit | 3 |
| Item give/drop | 2 |
⇛